Map: Acid Plant LE

Players

Shmeeegal

  • Race: Terran Terran
  • League: Platinum
  • Spawn Location: 5:00

Kozzy - Winner!

  • Race: Protoss Protoss
  • League: Gold
  • Spawn Location: 11:00

VOD

Have the link to the VOD?

Description

Time

  • Played on: April 12, 2018, 3:21 a.m.
  • Length: 6:53
Show
View Real Time Build Order
Export as new Build Order

Shmeeegal Terran 

Build Orders:  

Get SALT Encoding   

  12  0:01  SCV  
  13  0:13  SCV  
  14  0:17  Supply Depot  
  14  0:26  Refinery  
  14  0:28  SCV  
  15  0:40  SCV  
  16  0:46  Barracks  
  16  0:52  SCV  
  17  1:04  SCV  
  18  1:16  SCV  
  19  1:21  Supply Depot  
  19  1:28  SCV  
  20  1:44  SCV  
  20  1:45  Reaper  
  22  1:55  Command Center  
  22  2:00  SCV  
  23  2:15  Orbital Command  
  23  2:20  Refinery  
  23  2:23  Barracks Reactor  
  23  2:33  Barracks  
  23  2:54  Factory  
  22  3:10  Orbital Command  
  22  3:11  Barracks  
  22  3:13  Marine x2  
  22  3:17  SCV  
  25  3:21  Barracks Tech Lab  
  25  3:28  Engineering Bay  
  25  3:30  SCV  
  25  3:34  Marine  
  26  3:35  Marine  
  28  3:42  Stimpack  
  28  3:46  SCV  
  29  3:57  Factory Reactor  
  29  3:58  Barracks Tech Lab  
  29  4:01  Starport  
  29  4:03  Marine x2  
  29  4:04  SCV  
  29  4:05  SCV  
  33  4:24  Marine x2  
  33  4:25  Marauder x2  
  33  4:26  Concussive Shells  
  39  4:32  Orbital Command  
  39  5:03  SCV  
  39  5:04  SCV  
  41  5:10  Marine x3  
  41  5:11  Marauder  
  46  5:17  Supply Depot, Command Center  
  46  5:22  Supply Depot  
  46  5:23  Medivac  
  46  5:27  Medivac  
  45  5:35  Marine  
  46  5:44  Marine, SCV x2, Marauder x2  
  47  5:50  Supply Depot  
  47  5:52  Marine  
  43  6:01  Marine  
  44  6:05  Marine  
  44  6:06  Marauder  
  44  6:10  Marine  
  47  6:19  Marine  
  47  6:23  Marine  
  46  6:27  Marauder  
  46  6:28  Marine  
Show
View Real Time Build Order
Export as new Build Order

Kozzy Protoss - Winner!

Build Orders:  

Get SALT Encoding   

  12  0:01  Probe  
  13  0:14  Probe  
  14  0:21  Pylon  
  14  0:26  Probe  
  15  0:39  Probe (Chrono Boost), Gateway  
  16  0:49  Assimilator  
  16  0:51  Probe (Chrono Boost)  
  17  0:59  Probe (Chrono Boost)  
  17  1:00  Assimilator  
  18  1:18  Pylon  
  18  1:20  Probe (Chrono Boost)  
  19  1:30  Probe (Chrono Boost)  
  20  1:41  Cybernetics Core  
  20  1:42  Pylon  
  20  1:56  Probe  
  21  2:02  Forge  
  21  2:08  Probe  
  22  2:11  Pylon  
  22  2:16  Stalker (Chrono Boost)  
  24  2:24  Warp Gate  
  24  2:43  Shield Battery  
  24  2:44  Photon Cannon  
  24  3:04  Stalker (Chrono Boost)  
  24  3:05  Protoss Ground Weapons Level 1  
  26  3:14  Gateway  
  26  3:21  Pylon  
  26  3:30  Twilight Council  
  26  3:40  Gateway  
  26  3:53  Gateway  
  26  4:04  Blink (Chrono Boost)  
  26  5:00  Stalker x4  
  34  5:08  Pylon  
  34  5:19  Pylon  
  32  5:30  Stalker x3  
  32  5:31  Stalker  
  36  6:00  Stalker x4  
  42  6:31  Stalker x4  
Tags
 
Add a new tag
Caveats
  • Supply blocks, unpowered buildings, or Contaminate may cause inaccurate times.
  • Supply counts are checked every 10 seconds.